 Dungeon Crawl Stone Soup version 0.23.2-30-g0e89c35649 (webtiles) character file.

Game seed: 2521466730883753871

169293 doot the Eclecticist (level 17, -6/88 HPs)
             Began as a Deep Elf Fire Elementalist on June 5, 2019.
             Was a High Priest of Vehumet.
             Mangled by Agnes
             ... wielding a +0 lajatang
              (20 damage)
             ... on level 1 of the Spider Nest on June 7, 2019.
             The game lasted 02:41:21 (43143 turns).

doot the Eclecticist (Deep Elf Fire Elementalist)  Turns: 43143, Time: 02:41:23

Health: -6/88      AC: 18    Str:  9    XL:     17   Next: 10%
Magic:  20/43      EV:  6    Int: 30    God:    Vehumet [*****.]
Gold:   2525       SH:  0    Dex: 17    Spells: 2/57 levels left

rFire    + + +     SeeInvis .   V - staff of fire
rCold    + + +     Gourm    .   (no shield)
rNeg     . . .     Faith    .   l - +3 ice dragon scales "Colyima" {*Drain rPois rF- rC++ Str+4 Dex+2}
rPois    +         Spirit   .   (no helmet)
rElec    .         Reflect  +   R - scarf {rC+ rF+}
rCorr    +         Harm     .   e - +0 pair of gloves
MR       +....                  b - +0 pair of boots
Stlth    ++........             F - brooch of Shielding {Reflect SH+8}
HPRegen  0.00/turn              N - ring of fire
MPRegen  0.28/turn              I - ring "Gixad" {rCorr rF+ rC+}

@: held, studying Ice Magic
A: thin metallic scales 1, clever 1, inhibited regeneration
}: 1/15 runes: decaying
a: Renounce Religion


You were on level 1 of the Spider Nest.
You worshipped Vehumet.
Vehumet was extremely pleased with you.
You were hungry.

You visited 6 branches of the dungeon, and saw 29 of its levels.
You also visited: Bailey, Ice Cave and Volcano.

You collected 2861 gold pieces.
You spent 336 gold pieces at shops.

Inventory:

Missiles
 J - a throwing net (quivered)
Armour
 b - a +0 pair of boots (worn)
 e - a +0 pair of gloves (worn)
 l - the +3 ice dragon scales "Colyima" (worn) {*Drain rPois rF- rC++ Str+4 Dex+2}
   (You found it in an ice cave)

   It affects your strength (+4).
   It affects your dexterity (+2).
   It makes you vulnerable to fire.
   It greatly protects you from cold.
   It protects you from poison.
   It causes draining when unequipped.
 A - a +2 cloak
 P - the cursed +0 troll leather armour of Dyspraxia {rF++ MR- Regen+ rCorr MP+9}
   (You found it on level 1 of the Swamp)

   It greatly protects you from fire.
   It affects your resistance to hostile enchantments.
   It affects your magic capacity (+9).
   It increases your rate of regeneration.
   It provides partial protection from all sources of acid and corrosion.
   It has a curse placed upon it.
 R - a scarf of resistance (worn)
Magical Staves
 K - an uncursed staff of poison
 S - an uncursed staff of air
 V - an uncursed staff of fire (weapon)
Jewellery
 j - a +4 ring of evasion
 F - the brooch of Shielding (around neck) {Reflect SH+8}
   (You found it on level 1 of the Orcish Mines)

   [amulet of reflection]

   It shields you and reflects attacks.
   It affects your SH (+8).
 I - the ring "Gixad" (right hand) {rCorr rF+ rC+}
   (You found it on level 9 of the Dungeon)

   [ring of resist corrosion]

   It protects you from fire.
   It protects you from cold.
 N - a ring of fire (left hand)
 Q - an uncursed ring of ice
 W - an uncursed ring of wizardry
Wands
 a - a wand of digging (17)
 r - a wand of acid (3)
 t - a wand of flame (32)
 x - a wand of iceblast (9)
 B - a wand of random effects (8)
 D - a wand of scattershot (2)
 M - a wand of paralysis (16)
 T - a wand of polymorph (21)
 Y - a wand of enslavement (11)
Scrolls
 f - a scroll of immolation
 h - 10 scrolls of teleportation
 m - 4 scrolls of enchant armour
 o - 2 scrolls of amnesia
 p - 6 scrolls of remove curse
 q - a scroll of blinking
 w - 7 scrolls of enchant weapon
 C - a scroll of fear
 G - 2 scrolls of noise
 H - a scroll of brand weapon
 L - 6 scrolls of magic mapping
 O - 8 scrolls of fog
 U - 3 scrolls of identify
Potions
 d - 15 potions of curing
 g - 6 potions of berserk rage
 i - 3 potions of agility
 k - a potion of resistance
 n - 3 potions of might
 s - 2 potions of heal wounds
 u - 3 potions of lignification
 v - a potion of invisibility
 z - 4 potions of haste
 E - 8 potions of brilliance
Books
 X - a manual of Ice Magic
Miscellaneous
 Z - 2 sacks of spiders
Comestibles
 c - 30 rations


   Skills:
 + Level 3.4 Fighting
   Level 2.4 Short Blades
   Level 0.2(1.3) Long Blades
 + Level 3.2 Staves
 + Level 5.9 Armour
 + Level 7.7 Dodging
 + Level 5.6 Stealth
 + Level 20.6 Spellcasting
 + Level 15.3 Conjurations
 + Level 3.4 Hexes
 + Level 2.6 Charms
 + Level 9.1 Summonings
   Level 0.4 Transmutations
 + Level 16.0 Fire Magic
 + Level 9.1 Ice Magic
 + Level 2.2 Air Magic
 + Level 2.5 Poison Magic
 + Level 2.3 Evocations


You had 2 spell levels left.
You knew the following spells:

 Your Spells              Type           Power        Failure   Level  Hunger
a - Flame Tongue          Conj/Fire      #####        0%          1    None
b - Throw Flame           Conj/Fire      ######       1%          2    None
c - Conjure Flame         Conj/Fire      ########     1%          3    None
d - Inner Flame           Hex/Fire       ########     1%          3    None
e - Sticky Flame          Conj/Fire      ########     1%          4    None
f - Fireball              Conj/Fire      ########..   1%          5    None
g - Mephitic Cloud        Conj/Pois/Air  ######..     1%          3    None
h - Throw Icicle          Conj/Ice       #######.     1%          4    None
i - Ozocubu's Refrigerat  Ice            ######....   11%         6    None
j - Bolt of Fire          Conj/Fire      ########..   1%          6    None
k - Iskenderun's Battles  Conj/Chrm      ######..     2%          5    None
l - Spellforged Servitor  Conj/Summ      #######...   16%         7    ###....
m - Freezing Cloud        Conj/Ice/Air   ######....   12%         6    None

Your spell library contained the following spells:

 Spells                   Type           Power        Failure   Level  Hunger
 Bolt of Cold             Conj/Ice       #######...   3%          6    None
 Magic Dart               Conj           ####         0%          1    None
 Shock                    Conj/Air       ####         1%          1    None
 Sting                    Conj/Pois      ####         1%          1    None
 Searing Ray              Conj           ######       1%          2    None
 Confusing Touch          Hex            ######       2%          1    None
 Sandblast                Erth           ####..       3%          1    None
 Poisonous Vapours        Pois/Air       #####.       6%          2    None
 Swiftness                Chrm/Air       #####...     6%          2    None
 Passwall                 Tmut/Erth      ####....     16%         2    None
 Dazzling Spray           Conj/Hex       ######       1%          3    None
 Static Discharge         Conj/Air       ######..     1%          3    None
 Stone Arrow              Conj/Erth      ######       1%          3    None
 Force Lance              Conj/Tloc      ######..     1%          4    None
 Fulminant Prism          Conj/Hex       ######....   1%          4    None
 Iskenderun's Mystic Bla  Conj           #######.     1%          4    None
 Bolt of Magma            Conj/Fire/Erth ########..   1%          5    None
 Lightning Bolt           Conj/Air       ######....   2%          5    None
 Venom Bolt               Conj/Pois      ######....   2%          5    None
 Confuse                  Hex            ######..     9%          3    None
 Olgreb's Toxic Radiance  Pois           #####...     11%         4    None
 Summon Lightning Spire   Summ/Air       ######..     11%         4    None
 Airstrike                Air            #####.....   12%         4    None
 Conjure Ball Lightning   Conj/Air       ######....   13%         6    None
 Iron Shot                Conj/Erth      ######....   19%         6    None
 Metabolic Englaciation   Hex/Ice        ######....   24%         5    None
 Cause Fear               Hex            ######....   26%         4    None
 Gell's Gravitas          Tloc           ####......   32%         3    None
 Yara's Violent Unravell  Hex/Tmut       #####.....   32%         5    None
 Leda's Liquefaction      Hex/Erth       #####.....   50%         4    None
 Lee's Rapid Deconstruct  Erth           ####......   58%         5    None
 Silence                  Hex/Air        #####.....   67%         5    None
 Petrify                  Tmut/Erth      ####....     71%         4    None
 Deflect Missiles         Chrm/Air       #####.....   99%         6    None
 Statue Form              Tmut/Erth      ####.....    100%        6    None
 Dragon Form              Tmut           ####......   100%        7    ###....
 Controlled Blink         Tloc           N/A          100%        8    #####..
 Disjunction              Tloc           ####......   100%        8    #####..
 Dragon's Call            Summ           ######....   100%        9    ######.
 Shatter                  Erth           ####......   100%        9    ######.
 Tornado                  Air            #####.....   100%        9    ######.


Dungeon Overview and Level Annotations

Branches:
Dungeon (15/15)            Temple (1/1) D:7            Lair (6/6) D:10
  Swamp (4/4) Lair:3       Spider (1/4) Lair:2        Slime (0/5) Lair:5
    Orc (2/2) D:10            Elf (0/3) Orc:2        Vaults (0/5) D:13
 Depths: D:15

Altars:
Ashenzari
Cheibriados
Dithmenos
Elyvilon
Fedhas
Gozag
Hepliaklqana
Kikubaaqudgha
Makhleb
Nemelex Xobeh
Okawaru
Qazlal
Ru
Sif Muna
Trog
Uskayaw
Vehumet
Wu Jian
Xom
Yredelemnul
Zin
The Shining One

Shops:
D:4 (   Orc:2 ![:[

Annotations:
Swamp:1 1 runed translucent door, MoralSupport's ghost, journeyman SpVM
Spider:1 Agnes


Innate Abilities, Weirdness & Mutations

You are partially covered in thin metallic scales. (AC +2)
Your mind is acute. (Int +2)
You do not regenerate when monsters are visible.


Message History

Agnes hits you with a +0 lajatang.
* * * LOW HITPOINT WARNING * * *
The redback closely misses you. The jumping spider pounces on you.
* * * LOW HITPOINT WARNING * * *
The jumping spider bites you.
* * * LOW HITPOINT WARNING * * *
You feel much better.
Agnes burns!
The redback burns! x2
The redback stops burning.
Agnes hits you with a +0 lajatang! The wolf spider closely misses you.
The wolf spider bites you but does no damage.
The redback barely misses you.
The redback bites you but does no damage.
The jumping spider pounces on you!
* * * LOW HITPOINT WARNING * * *
The jumping spider bites you but does no damage.
The redback bites you!
* * * LOW HITPOINT WARNING * * *
The wolf spider hits you but does no damage.
The wolf spider closely misses you. Agnes hits you with a +0 lajatang!!
You die...

...............
...............
...............
...............
..........s....
...............
......sss......
.......@†....!.
.......si......
.#....^.8......
≈≈.............
≈.>............
≈..............
#..............
#≈≈............


You could see an emperor scorpion, Agnes (burning), a wolf spider, a jumping
spider, 2 redbacks and a friendly spellforged servitor.

Vanquished Creatures
  Rupert (D:13)
  Kirke (Lair:6)
  3 thorn hunters
  Donald (Orc:2)
  A frost giant (Orc:1)
  Aizul (Swamp:3)
  An entropy weaver (Lair:2)
  2 green draconians (Swamp:1)
  A dire elephant (Lair:6)
  3 ettins (Orc:1)
  4 fire dragons
  2 vault guards (D:13)
  A rakshasa (Swamp:1)
  3 centaur warriors
  17 hydras
  A catoblepas (Lair:6)
  9 ghost crabs
  2 shambling mangroves
  A deep troll shaman (Lair:6)
  11 alligators
  A tengu warrior (D:15)
  6 death yaks (Lair:6)
  5 orc high priests (Orc:2)
  2 fire crabs (Swamp:4)
  A hell knight (Volcano)
  9 spriggans
  A salamander mystic (Volcano)
  4 spriggan druids
  4 unseen horrors
  A wizard (D:15)
  12 swamp dragons
  7 orc knights
  A wolf spider (Spider:1)
  An orc sorcerer (Orc:2)
  3 ugly things
  15 cyclopes
  2 manticores
  A deep elf mage (D:15)
  4 salamanders (Volcano)
  An oklob plant (Lair:5)
  8 elephants
  A centaur zombie (D:12)
  2 ice statues (IceCv)
  7 black mambas
  4 apocalypse crabs (Swamp:1)
  2 molten gargoyles (Volcano)
  4 rime drakes
  16 spiny frogs
  An efreet (D:15)
  2 kobold demonologists
  5 komodo dragons
  A demonic crawler (Lair:2)
  3 tengu conjurers
  2 jumping spiders (Spider:1)
  9 ice devils (IceCv)
  18 hornets
  8 tyrant leeches
  2 polar bears (D:11)
  2 trolls
  Prince Ribbit (D:8)
  7 blink frogs
  A wolf spider simulacrum (D:15)
  6 bog bodies
  7 hippogriffs
  10 slime creatures
  A shadow (Swamp:1)
  A centaur simulacrum (D:15)
  A vampire (D:13)
  A redback (Spider:1)
  A tarantella (Lair:2)
  3 wyverns
  A basilisk (Lair:6)
  2 fire bats (Volcano)
  A water elemental (D:13)
  23 yaks
  A wraith (D:13)
  11 humans
  2 steam dragons
  7 hogs
  22 vampire mosquitoes
  19 swamp worms
  Menkaure (D:7)
  11 wargs
  11 insubstantial wisps
  11 water moccasins
  Duvessa (D:7)
  6 porcupines
  2 hell hounds (Lair:6)
  3 sky beasts
  15 swamp drakes
  3 black bears
  42 orc warriors
  5 ice beasts
  An eye of draining (D:8)
  16 ogres
  A necrophage (D:5)
  A phantom (D:10)
  17 wolves
  6 centaurs
  9 crocodiles
  A big kobold (D:12)
  11 bullfrogs
  A gnoll sergeant (D:9)
  Dowan (D:7)
  4 scorpions
  3 wyvern skeletons
  12 killer bees
  16 wights
  8 electric eels
  4 howler monkeys
  10 crimson imps
  3 bullfrog zombies
  2 lava snakes (Volcano)
  Crazy Yiuf (D:5)
  6 hounds
  2 centaur skeletons
  31 orc priests
  A wyvern simulacrum (D:13)
  10 jellies
  2 bullfrog skeletons
  Ijyb (D:4)
  Jessica (D:2)
  6 iguanas
  16 orc wizards
  7 worker ants
  A hound skeleton (D:8)
  A worker ant zombie (D:8)
  11 gnolls
  16 adders
  2 shadow imps
  3 white imps
  7 ufetubi
  3 oozes (Lair:5)
  3 adder zombies (D:9)
  2 worms
  A dart slug (D:1)
  7 leopard geckos
  88 orcs
  5 bats
  7 giant cockroaches
  7 goblins
  6 hobgoblins
  9 jackals
  8 kobolds
  4 quokkas
  A ball python (D:1)
  5 frilled lizards
  A jackal skeleton (D:6)
  5 rats
  2 briar patches (Swamp:2)
  3 plants (Lair:6)
903 creatures vanquished.

Vanquished Creatures (collateral kills)
  A ghost crab (Swamp:1)
  A hydra (Swamp:3)
  A lindwurm (Swamp:4)
  A demonic crawler (Lair:2)
  A tyrant leech (Swamp:1)
  3 slime creatures (Swamp:3)
  A bog body (Swamp:1)
  5 insubstantial wisps (Swamp:3)
14 creatures vanquished.

Vanquished Creatures (others)
  A reaper (IceCv)
  A hydra (Swamp:4)
  A swamp dragon (Swamp:4)
  A spriggan (Swamp:3)
  2 steam dragons (Swamp:4)
  7 swamp drakes (Swamp:4)
  9 white imps (IceCv)
  4 ufetubi (IceCv)
  A ball lightning (Swamp:4)
  2 orcs
  4 fungi (Lair:3)
  25 plants
58 creatures vanquished.

Grand Total: 975 creatures vanquished

Notes
Turn   | Place    | Note
-------+----------+-------------------------------------------
     0 | D:1      | doot the Deep Elf Fire Elementalist began the quest for the
                  | Orb.
     0 | D:1      | Reached XP level 1. HP: 10/10 MP: 6/6
   231 | D:1      | Reached XP level 2. HP: 15/15 MP: 2/8
  1011 | D:2      | Noticed Jessica
  1015 | D:2      | Killed Jessica
  1015 | D:2      | Reached XP level 3. HP: 19/19 MP: 7/10
  1058 | D:2      | Reached skill level 4 in Spellcasting
  1058 | D:2      | Reached XP level 4. HP: 23/24 MP: 8/12
  1064 | D:2      | Learned a level 4 spell: Sticky Flame
  1068 | D:2      | Learned a level 3 spell: Conjure Flame
  1072 | D:2      | Learned a level 3 spell: Inner Flame
  1756 | D:2      | Reached XP level 5. HP: 27/28 MP: 9/13
  2111 | D:3      | Reached skill level 5 in Fire Magic
  2349 | D:3      | Found a faded altar of an unknown god.
  2700 | D:3      | Reached skill level 5 in Spellcasting
  3126 | D:3      | Reached XP level 6. HP: 22/32 MP: 1/15
  3255 | D:4      | Found Soklel's Antique Weapon Boutique.
  3883 | D:4      | Noticed Ijyb
  3899 | D:4      | Killed Ijyb
  4303 | D:5      | Entered Level 5 of the Dungeon
  4507 | D:5      | Reached skill level 1 in Short Blades
  4507 | D:5      | Reached XP level 7. HP: 37/37 MP: 10/17
  4585 | D:5      | Reached skill level 6 in Spellcasting
  5483 | D:5      | Learned a level 2 spell: Throw Flame
  5489 | D:5      | Learned a level 5 spell: Fireball
  5665 | D:5      | Found a runed translucent door.
  5666 | D:5      | Noticed Crazy Yiuf
  5787 | D:5      | Killed Crazy Yiuf
  5917 | D:6      | Reached skill level 1 in Fighting
  5917 | D:6      | Reached XP level 8. HP: 43/43 MP: 16/20
  6093 | D:6      | Reached skill level 7 in Spellcasting
  6360 | D:7      | Noticed Duvessa
  6360 | D:7      | Noticed Dowan
  6370 | D:7      | Killed Duvessa
  6370 | D:7      | Reached skill level 1 in Hexes
  6676 | D:7      | Reached skill level 5 in Conjurations
  6687 | D:7      | Killed Dowan
  6938 | D:7      | Reached skill level 5 in Dodging
  6950 | D:7      | Noticed Menkaure
  6960 | D:7      | Killed Menkaure
  6960 | D:7      | Reached skill level 8 in Spellcasting
  7284 | D:7      | Reached XP level 9. HP: 46/48 MP: 14/23
  7305 | D:7      | Reached skill level 9 in Spellcasting
  7519 | D:7      | Found a staircase to the Ecumenical Temple.
  7571 | Temple   | Entered the Ecumenical Temple
  7676 | Temple   | Became a worshipper of Vehumet
  7703 | D:7      | Reached skill level 1 in Staves
  8088 | D:8      | Noticed Prince Ribbit
  8356 | D:8      | Killed Prince Ribbit
  8356 | D:8      | Reached skill level 10 in Spellcasting
  8869 | D:8      | Reached * piety under Vehumet
  8869 | D:8      | Offered knowledge of Sting by Vehumet.
  9098 | D:9      | Found a flagged portal.
  9125 | Bailey   | Entered a bailey
  9698 | Bailey   | Reached XP level 10. HP: 53/53 MP: 24/26
 10367 | Bailey   | Noticed an orc knight
 10386 | Bailey   | Killed an orc knight
 10386 | Bailey   | Reached skill level 5 in Stealth
 10646 | D:9      | Reached ** piety under Vehumet
 10646 | D:9      | Offered knowledge of Searing Ray by Vehumet.
 10646 | D:9      | Reached skill level 11 in Spellcasting
 10956 | D:9      | You fall through a shaft!
 10956 | D:10     | Entered Level 10 of the Dungeon
 11148 | D:10     | Found a staircase to the Orcish Mines.
 11210 | D:10     | Noticed an unseen horror
 11215 | D:10     | Killed an unseen horror
 11853 | D:10     | Noticed a gargoyle
 11855 | D:10     | Found the amulet of the Air {Inacc +Fly rElec EV+5 RMsl}
 11882 | D:10     | Noticed a wolf spider
 12120 | D:9      | Offered knowledge of Mephitic Cloud by Vehumet.
 12141 | D:9      | Learned a level 3 spell: Mephitic Cloud
 12166 | D:9      | Got a coiled platinum ring
 12167 | D:9      | Identified the ring "Gixad" {rCorr rF+ rC+} (You found it
                  | on level 9 of the Dungeon)
 12262 | D:9      | Found a basalt altar of Yredelemnul.
 12527 | D:10     | Noticed a manticore
 12528 | D:10     | Noticed a centaur warrior
 12539 | D:10     | Noticed a two-headed ogre
 12539 | D:10     | Noticed a manticore
 12651 | D:10     | Found a staircase to the Lair.
 12709 | D:10     | Noticed a cyclops
 12725 | D:10     | Killed a cyclops
 12725 | D:10     | Reached skill level 12 in Spellcasting
 12725 | D:10     | Reached XP level 11. HP: 57/57 MP: 17/29
 12875 | D:11     | Reached skill level 10 in Fire Magic
 12883 | D:11     | Reached *** piety under Vehumet
 13358 | D:11     | Noticed a brown ugly thing
 13375 | D:11     | Killed a brown ugly thing
 13727 | D:11     | Noticed a four-headed hydra
 13730 | D:11     | Killed a four-headed hydra
 13888 | D:11     | Offered knowledge of Throw Icicle by Vehumet.
 13903 | D:11     | Learned a level 4 spell: Throw Icicle
 14093 | D:11     | Found a bloodstained altar of Trog.
 14226 | Orc:1    | Entered Level 1 of the Orcish Mines
 14478 | Lair:1   | Entered Level 1 of the Lair of Beasts
 14480 | Lair:1   | Noticed a seven-headed hydra
 14485 | Lair:1   | Killed a seven-headed hydra
 14485 | Lair:1   | Reached skill level 13 in Spellcasting
 14489 | Lair:1   | Reached skill level 10 in Conjurations
 15177 | Lair:1   | Reached skill level 1 in Poison Magic
 16036 | Lair:2   | Reached skill level 1 in Air Magic
 16139 | Lair:2   | Found a hole to the Spider Nest.
 16386 | Lair:2   | Reached **** piety under Vehumet
 16386 | Lair:2   | Reached XP level 12. HP: 64/64 MP: 27/31
 16499 | Lair:2   | Reached skill level 14 in Spellcasting
 17175 | Lair:3   | Offered knowledge of Ignite Poison by Vehumet.
 17182 | Lair:3   | Learned a level 3 spell: Ignite Poison
 17208 | Lair:3   | Noticed a six-headed hydra
 17221 | Lair:3   | Killed a six-headed hydra
 17446 | Lair:3   | HP: 1/64 [black mamba (16)]
 17782 | Lair:3   | Found a staircase to the Swamp.
 18550 | D:12     | Reached skill level 1 in Ice Magic
 19223 | D:13     | Reached ***** piety under Vehumet
 19236 | D:13     | Reached skill level 15 in Spellcasting
 19254 | D:13     | Noticed a vault guard
 19255 | D:13     | Noticed a vault guard
 19263 | D:13     | Offered knowledge of Bolt of Fire by Vehumet.
 19281 | D:12     | Learned a level 6 spell: Bolt of Fire
 19391 | D:13     | Reached skill level 1 in Evocations
 19473 | D:13     | Killed a vault guard
 19512 | D:13     | Found a frozen archway.
 19525 | IceCv    | Entered an ice cave
 19902 | IceCv    | Killed a reaper
 20349 | IceCv    | Reached XP level 13. HP: 34/68 MP: 5/34
 20616 | IceCv    | Got slimy ice dragon scales
 20643 | IceCv    | Identified the +3 ice dragon scales "Colyima" {*Drain rPois
                  | rF- rC++ Str+4 Dex+2} (You found it in an ice cave)
 21232 | D:13     | Reached skill level 1 in Armour
 21539 | D:13     | Noticed Rupert
 21926 | Orc:1    | Reached skill level 16 in Spellcasting
 22093 | Orc:1    | Found an iron altar of Okawaru.
 22903 | Orc:1    | Noticed an ettin
 22906 | Orc:1    | Killed an ettin
 22989 | Orc:1    | Noticed an ettin
 22991 | Orc:1    | Killed an ettin
 23145 | Orc:1    | Offered knowledge of Venom Bolt by Vehumet.
 23161 | Orc:1    | Learned a level 5 spell: Venom Bolt
 23832 | Orc:2    | Entered Level 2 of the Orcish Mines
 23832 | Orc:2    | Found a burning altar of Makhleb.
 23853 | Orc:2    | Noticed Donald
 23854 | Orc:2    | Found a staircase to the Elven Halls.
 24901 | Orc:2    | Killed Donald
 24901 | Orc:2    | Reached skill level 17 in Spellcasting
 25009 | Orc:2    | Offered knowledge of Spellforged Servitor by Vehumet.
 25029 | Orc:2    | Learned a level 7 spell: Spellforged Servitor
 25891 | Orc:2    | Reached skill level 1 in Summonings
 25921 | Orc:2    | Reached XP level 14. HP: 34/72 MP: 15/37
 26497 | Orc:2    | Found Ileptusch's Antique Armour Boutique.
 26497 | Orc:2    | Found Titov's Book Boutique.
 26498 | Orc:2    | Found Iteniv's Antique Armour Shop.
 26498 | Orc:2    | Found Wustraloi's Distillery.
 26512 | Orc:2    | Bought a potion of mutation for 112 gold pieces
 26512 | Orc:2    | Bought a potion of heal wounds for 70 gold pieces
 26512 | Orc:2    | Bought a potion of curing for 42 gold pieces
 26512 | Orc:2    | Gained mutation: You evolve. [potion of mutation]
 26512 | Orc:2    | Gained mutation: You are frail. (-10% HP) [potion of
                  | mutation]
 26512 | Orc:2    | Gained mutation: Your magical capacity is low. (-10% MP)
                  | [potion of mutation]
 26512 | Orc:2    | Gained mutation: You have a beak for a mouth. [potion of
                  | mutation]
 26513 | Orc:2    | Bought a potion of mutation for 112 gold pieces
 26513 | Orc:2    | Lost mutation: Your magical capacity is low. (-10% MP)
                  | [potion of mutation]
 26513 | Orc:2    | Lost mutation: You evolve. [potion of mutation]
 26513 | Orc:2    | Gained mutation: You have sharp toenails. [potion of
                  | mutation]
 26513 | Orc:2    | Gained mutation: You do not regenerate when monsters are
                  | visible. [potion of mutation]
 26513 | Orc:2    | Gained mutation: Your spells are a little harder to cast,
                  | but a little more powerful. [potion of mutation]
 26873 | Orc:1    | Identified the +7 shortbow of Peace {velocity, +Blink Str+3
                  | Dex+3}
 26898 | Orc:1    | Noticed a frost giant
 27142 | Orc:1    | Killed a frost giant
 27151 | Orc:1    | Found the brooch of Shielding {Reflect SH+8}
 27300 | D:13     | Killed Rupert
 27594 | D:13     | Found a gate to the Vaults.
 27919 | D:14     | Offered knowledge of Iskenderun's Battlesphere by Vehumet.
 27998 | D:14     | Learned a level 5 spell: Iskenderun's Battlesphere
 28599 | D:15     | Entered Level 15 of the Dungeon
 28620 | D:15     | Reached skill level 1 in Charms
 28907 | D:15     | Reached skill level 18 in Spellcasting
 29552 | Lair:4   | Reached skill level 5 in Summonings
 30172 | Lair:4   | Identified a scroll of acquirement
 30747 | Lair:5   | Found an ornate altar of the Wu Jian Council.
 31036 | Lair:5   | Found a staircase to the Slime Pits.
 31455 | Lair:6   | Entered Level 6 of the Lair of Beasts
 31547 | Lair:6   | Noticed Kirke
 31805 | Lair:6   | Killed Kirke
 31805 | Lair:6   | Reached XP level 15. HP: 66/70 MP: 1/39
 31830 | Lair:6   | Found a dark tunnel.
 31838 | Volcano  | Entered a volcano
 32288 | Volcano  | Found a bloodstained altar of Trog.
 33697 | Lair:6   | Offered knowledge of Ozocubu's Refrigeration by Vehumet.
 33706 | Lair:6   | Learned a level 6 spell: Ozocubu's Refrigeration
 33862 | Lair:6   | Identified The Lost Tome of Boris
 34002 | Lair:6   | Upgraded the game from 0.23.2-11-gf996548c65 to
                  | 0.23.2-30-g0e89c35649
 34315 | Swamp:1  | Entered Level 1 of the Swamp
 34683 | Swamp:1  | Reached skill level 19 in Spellcasting
 34758 | Swamp:1  | Reached skill level 15 in Fire Magic
 34958 | Swamp:1  | Found a runed translucent door.
 35181 | Swamp:1  | Found a runed translucent door.
 35212 | Swamp:1  | Lost mutation: You have a beak for a mouth. [potion of
                  | mutation]
 35212 | Swamp:1  | Lost mutation: You have sharp toenails. [potion of
                  | mutation]
 35212 | Swamp:1  | Lost mutation: Your spells are a little harder to cast, but
                  | a little more powerful. [potion of mutation]
 35212 | Swamp:1  | Lost mutation: You are frail. (-10% HP) [potion of
                  | mutation]
 35212 | Swamp:1  | Gained mutation: You are partially covered in thin metallic
                  | scales. (AC +2) [potion of mutation]
 35212 | Swamp:1  | Gained mutation: Your mind is acute. (Int +2) [potion of
                  | mutation]
 35648 | Swamp:1  | Noticed MoralSupport's ghost (journeyman SpVM)
 36188 | Swamp:1  | Paralysed by you for 2 turns
 36450 | Swamp:1  | Got a transparent troll leather armour
 36579 | Swamp:1  | Identified the cursed +0 troll leather armour of Dyspraxia
                  | {rF++ MR- Regen+ rCorr MP+9} (You found it on level 1 of
                  | the Swamp)
 36866 | Swamp:2  | Noticed a thorn hunter
 36868 | Swamp:2  | Killed a thorn hunter
 36883 | Swamp:2  | Reached XP level 16. HP: 69/83 MP: 10/41
 36888 | Swamp:2  | Noticed a thorn hunter
 36892 | Swamp:2  | Killed a thorn hunter
 38541 | Swamp:3  | Reached skill level 5 in Armour
 39345 | Swamp:3  | Reached skill level 15 in Conjurations
 39492 | Swamp:3  | Offered knowledge of Freezing Cloud by Vehumet.
 39687 | Swamp:3  | Reached skill level 5 in Ice Magic
 40212 | Swamp:3  | Noticed Aizul
 40405 | Swamp:3  | Killed Aizul
 40405 | Swamp:3  | Reached skill level 20 in Spellcasting
 40753 | Swamp:4  | Entered Level 4 of the Swamp
 40870 | Swamp:4  | Learned a level 6 spell: Freezing Cloud
 41138 | Swamp:4  | Noticed a thorn hunter
 41141 | Swamp:4  | Killed a thorn hunter
 42245 | Swamp:4  | Got a decaying rune of Zot
 42312 | Swamp:4  | Offered knowledge of Bolt of Cold by Vehumet.
 42324 | Swamp:4  | Reached XP level 17. HP: 87/87 MP: 28/43
 42803 | Spider:1 | Entered Level 1 of the Spider Nest
 43138 | Spider:1 | Noticed Agnes
 43143 | Spider:1 | Mangled by Agnes

Skill      XL: |  1  2  3  4  5  6  7  8  9 10 11 12 13 14 15 16 17 |
---------------+----------------------------------------------------+-----
Fire Magic     | 4 5 6 7 8 9 10 12 13 14 15 16 | 16.0
Dodging        | 3 4 5 6 7 |  7.7
Spellcasting   | 4 5 6 8 10 12 13 15 17 18 19 20 | 20.6
Conjurations   | 2 3 4 6 7 9 10 11 13 14 15 | 15.3
Stealth        | 3 4 5 |  5.6
Short Blades   | 1 2 |  2.4
Fighting       | 1 2 3 |  3.4
Hexes          | 2 3 |  3.4
Staves         | 2 3 |  3.2
Poison Magic   | 2 |  2.5
Air Magic      | 1 2 |  2.2
Ice Magic      | 1 9 |  9.1
Evocations     | 1 2 |  2.3
Armour         | 2 3 4 5 |  5.9
Summonings     | 1 6 8 9 |  9.1
Charms         | 1 2 |  2.6
Long Blades    | |  0.2
Transmutations | |  0.4

Action                   |  1- 3 |  4- 6 |  7- 9 | 10-12 | 13-15 | 16-18 || total
-------------------------+-------+-------+-------+-------+-------+-------++-------
Melee: Dagger            |     7 |    38 |   156 |       |       |       ||   201
       Quarterstaff      |       |       |    61 |    15 |       |       ||    76
       Staff             |       |       |       |    23 |    16 |     5 ||    44
       Long sword        |       |       |       |    12 |       |       ||    12
       Peck              |       |       |       |       |     3 |       ||     3
 Cast: Flame Tongue      |    36 |    98 |   112 |   330 |   217 |    32 ||   825
       Sticky Flame      |       |    11 |    30 |   103 |    90 |    26 ||   260
       Conjure Flame     |       |     4 |    14 |    30 |    10 |     2 ||    60
       Inner Flame       |       |     1 |     5 |    13 |     1 |       ||    20
       Throw Flame       |       |       |    18 |    19 |    16 |     3 ||    56
       Fireball          |       |       |     1 |    32 |    17 |     5 ||    55
       Mephitic Cloud    |       |       |       |     6 |     8 |       ||    14
       Throw Icicle      |       |       |       |     7 |    34 |     8 ||    49
       Bolt of Fire      |       |       |       |    11 |   277 |   154 ||   442
       Venom Bolt        |       |       |       |       |     5 |       ||     5
       Ignite Poison     |       |       |       |       |     4 |       ||     4
       Iskenderun's Batt |       |       |       |       |    13 |    10 ||    23
       Spellforged Servi |       |       |       |       |     3 |     8 ||    11
       Freezing Cloud    |       |       |       |       |       |     9 ||     9
       Ozocubu's Refrige |       |       |       |       |       |     5 ||     5
Evoke: Wand              |       |       |       |    10 |    12 |     6 ||    28
       Sack of spiders   |       |       |       |       |       |     1 ||     1
  Use: Scroll            |       |       |     8 |    10 |    19 |       ||    37
       Potion            |       |       |     1 |     3 |    10 |     2 ||    16
 Stab: Sleeping          |       |     2 |       |     5 |       |       ||     7
       Petrified         |       |       |     6 |       |       |       ||     6
       Petrifying        |       |       |     2 |       |       |       ||     2
  Eat: Chunk             |       |    10 |    12 |    26 |    47 |     8 ||   103
       Ration            |       |     1 |     2 |     3 |     7 |     4 ||    17
Armor: Robe              |     2 |    11 |    54 |    64 |       |       ||   131
       Ice dragon scales |       |       |       |       |   129 |   105 ||   234
       Skin              |       |       |       |       |     4 |       ||     4
Dodge: Dodged            |    21 |    35 |   160 |   198 |    94 |    92 ||   600
Block: Other             |       |       |       |       |    66 |    53 ||   119
       Reflection        |       |       |       |       |     3 |     2 ||     5
